 Dungeon Crawl Stone Soup version bcrawl-1.27.6 (webtiles) character file.

Game seed: 13994536465263782443

147524 Borbozo the Magician (level 5, -6/32 HPs)
             Began as a Fairy Wizard on Sept 27, 2020.
             Killed by nerve-wracking pain
             ... invoked by Grinder
              (11 damage)
             ... while paralysed by Grinder
             ... on level 3 of the Dungeon.
             The game lasted 00:18:16 (2335 turns).

Borbozo the Magician (Fairy Wizard)                 Turns: 2335, Time: 00:18:17

Health: -6/32      AC:  5    Str:  2 (5)  XL:     5   Next: 32%
Magic:  15/15      EV:  3    Int: 19 (22) God:
Gold:   132        SH:  0    Dex:  8 (11) Spells: 14/15 levels left

rFire    . . .     SeeInvis .   j - +2 whip (venom)
rCold    . . .     Gourm    .   (shield restricted)
rNeg     . . .     Faith    .   (armour unavailable)
rPois    .         Spirit   .   b - +0 hat
rElec    .         Reflect  .   (no cloak)
rCorr    .         Harm     .   (no gloves)
MR       .....                  i - +0 pair of boots
Stlth    +.........             (no amulet)
HPRegen  0.10/turn              (no ring)
MPRegen  0.14/turn              (no ring)

@: paralysed, swift, flying evasively, very quick
A: small, magic attunement, unstealthy, unfitting armour, able to fly, AC/SH +4
a: Stop Flying


You were on level 3 of the Dungeon.
You were not hungry.

You visited 1 branch of the dungeon, and saw 3 of its levels.

You collected 132 gold pieces.

Inventory:

Hand Weapons
 a - a +0 staff
 j - a +2 whip of venom (weapon)
 t - a +0 falchion of holy wrath
Missiles
 k - 173 bolts
 p - 20 needles of confusion
Armour
 b - a +0 hat (worn)
 i - a +0 pair of boots (worn)
Jewellery
 h - an uncursed amulet of magic regeneration {unknown}
Scrolls
 g - a scroll of remove curse
 m - a scroll of fog
 q - a scroll of immolation
 r - a scroll of identify
Potions
 c - 2 potions of curing {unknown}
 d - a potion of brilliance
 f - a potion of haste {unknown}
 l - a potion of flight
 n - a potion of resistance {unknown}
 o - a potion of degeneration
 u - a potion of might {unknown}
Comestibles
 e - 2 rations {!d}


   Skills:
 + Level 0.4 Fighting
 + Level 1.0 Maces & Flails
 + Level 3.5 Dodging
 + Level 1.9 Stealth
 + Level 5.5 Spellcasting
 + Level 3.0 Conjurations
   Level 1.1 Summonings
   Level 1.1 Translocations


You had 14 spell levels left.
You knew the following spells:

 Your Spells              Type           Power        Failure   Level  Hunger
a - Magic Dart            Conj           ###.         3%          1    None

Your spell library contained the following spells:

 Spells                   Type           Power        Failure   Level  Hunger
 Blink                    Tloc           N/A          12%         2    None
 Call Imp                 Summ           #.....       12%         2    None
 Conjure Flame            Conj/Fire      ##......     19%         3    None
 Mephitic Cloud           Conj/Pois/Air  #.......     24%         3    None
 Spider Form              Tmut/Pois      #..          34%         3    None


Dungeon Overview and Level Annotations

Branches:
Dungeon (3/12)

Altars:
Trog

Annotations:
D:3 Grinder


Innate Abilities, Weirdness & Mutations

Your spells do not cause hunger and MP costs are reduced by 1.
Your bright wings attract enemies. (Stealth-)
You cannot fit into any form of body armour.
Your shimmering scales are hard and can block incoming attacks. (AC +4, SH +4)
You are small and have problems with some larger weapons.
You can fly continuously.


Message History

Grinder is severely wounded.
The kobold throws a stone.
The stone closely misses you.
The stone barely misses Grinder.
Grinder hits you.
You writhe in agony.
Grinder hits you.
You hit Grinder.
Grinder is almost dead.
Grinder hits you!
* * * LOW HITPOINT WARNING * * *
It was a potion of flight.
You feel more buoyant. Grinder closely misses you.
It was a potion of degeneration.
There was something very wrong with that liquid.
You feel weakened.
You feel dopey.
You feel clumsy. Grinder gestures at you.
You suddenly lose the ability to move!
Grinder hits you but does no damage. Grinder gestures at you.
Pain shoots through your body!
You die...

#. . .## ..# #.#
#### #.# #..# #§#
#...## #§###.#..#
#.§##@##§#
#####..#5##.####...
....K.^............#
########...####.####
#..#.# .# #.##..# #
#. ##.# .[ .# #.# ..


You could see Grinder.

Vanquished Creatures
  An orc priest (D:2)
  Jessica (D:2)
  3 gnolls (D:2)
  An ooze (D:2)
  3 worms (D:2)
  A dart slug (D:1)
  2 leopard geckos
  7 giant cockroaches
  5 goblins
  4 hobgoblins (D:2)
  7 kobolds
  3 quokkas (D:2)
  4 bats
  2 frilled lizards (D:1)
  4 rats (D:1)
  2 bushes (D:2)
  A plant (D:2)
51 creatures vanquished.

Notes
Turn   | Place    | Note
-------+----------+-------------------------------------------
     0 | D:1      | Borbozo the Fairy Wizard began the quest for the Orb.
     0 | D:1      | Reached XP level 1. HP: 11/11 MP: 7/7
   105 | D:1      | Reached XP level 2. HP: 17/17 MP: 9/9
   836 | D:2      | Reached XP level 3. HP: 21/21 MP: 11/11
   861 | D:2      | Found a bloodstained altar of Trog.
   935 | D:2      | Reached skill level 5 in Spellcasting
   996 | D:2      | Reached XP level 4. HP: 11/27 MP: 13/13
  1988 | D:2      | Reached XP level 5. HP: 14/32 MP: 15/15
  2201 | D:2      | Noticed Jessica
  2209 | D:2      | Killed Jessica
  2209 | D:2      | Reached skill level 1 in Maces & Flails
  2308 | D:3      | Noticed Grinder
  2314 | D:3      | Paralysed by Grinder for 2 turns
  2333 | D:3      | Paralysed by Grinder for 3 turns
  2335 | D:3      | Killed from afar by Grinder

Skill      XL: |  1  2  3  4  5 |
---------------+----------------+-----
Spellcasting   | 5 |  5.5
Conjurations   | 2 3 |  3.0
Dodging        | 3 |  3.5
Maces & Flails | 1 |  1.0
Fighting       | |  0.4
Stealth        | |  1.9
Summonings     | |  1.1
Translocations | |  1.1

Action                   |  1- 3 |  4- 6 || total
-------------------------+-------+-------++-------
Melee: Whip              |    36 |   175 ||   211
       Staff             |     1 |       ||     1
 Cast: Magic Dart        |    50 |    11 ||    61
  Use: Scroll            |       |     3 ||     3
       Potion            |       |     2 ||     2
  Eat: Chunk             |       |     3 ||     3
       Ration            |       |     2 ||     2
Armor: Skin              |     9 |    12 ||    21
Dodge: Dodged            |    36 |    59 ||    95
Block: Other             |     3 |    11 ||    14
